 Dungeon Crawl Stone Soup version 0.32-a0-520-g344ed53f66 (console) character file.

Game seed: 16918924066078591099

490940 Banquo the Sorcerer (level 26, -25/178 (197) HPs)
             Began as a Djinni Air Elementalist on Feb 27, 2024.
             Was the Champion of Zin.
             Killed from afar by a tengu reaver (40 damage)
             ... with a bolt of negative energy
             ... led by Sojobo
             ... on level 3 of the Crypt on Mar 2, 2024.
             The game lasted 07:05:29 (77084 turns).

Banquo the Sorcerer (Djinni Air Elementalist)      Turns: 77084, Time: 07:05:36

HP:   -25/178 (197) AC: 12    Str:  7    XL:     26   Next: 30%
Gold: 5438          EV: 27    Int: 26    God:    Zin [******] SH: 24 Dex: 19

rFire   + + .        b - staff of air
rCold   + + +        i - +1 tower shield {rC+}
rNeg    . . .        d - +4 skin of Zhor {*Englaciate rC+++ SInv}
rPois   ∞            h - +2 hat
rElec   +            e - +0 cloak of Clean Awe {Regen+ rCorr MP-9 Dex+2}
rCorr   +            g - +1 pair of gloves
SInv    +            (boots unavailable)
Will    ++...        z - amulet of regeneration
Stlth   ++           W - ring of wizardry
HPRegen 2.09/turn    q - +5 ring of evasion
MPRegen 0.00/turn

%: wizardry (x1), infuse magic (-26 HP)
@: forested, flying, studying 2 skills, drained
A: sickness immunity, fire resistance 2, cold vulnerability 1, float, innate
caster, HP casting, extra vitality 1, subdued magic 1
}: 2/15 runes: decaying, serpentine
a: Renounce Religion, Recite, Vitalisation, Imprison, Sanctuary, Donate Gold


You were on level 3 of the Crypt.
You worshipped Zin.
Zin was exalted by your worship.
You visited 10 branches of the dungeon, and saw 45 of its levels.
You visited 1 bazaar.
You also visited: Ice Cave.

You collected 6733 gold pieces.
You spent 991 gold pieces at shops.
You donated 304 gold pieces to Zin.

Inventory:

Hand Weapons
 a - the +9 rapier "Demonslayer" {freeze, rPois rC- rN+++ Will++}
   (You found it on level 3 of the Elven Halls)

   rC-:       It makes you vulnerable to cold.
   rPois:     It protects you from poison rN+++: It renders you almost immune to
   negative energy.
   Will++:    It greatly increases your willpower.
 c - the +1 rapier of Havoc {flame, rPois rC+ rCorr}
   (You found it in an ice cave)

   rC+:       It protects you from cold.
   rPois:     It protects you from poison rCorr: It protects you from acid and
   corrosion.
 w - the +8 trident of the Octopus King {venom, rElec rPois}
   (You found it on level 5 of the Dungeon)

   rElec:     It insulates you from electricity.
   rPois:     It protects you from poison
Missiles
 v - 411 stones
 J - a throwing net
Armour
 d - the +4 skin of Zhor (worn) {*Englaciate rC+++ SInv}
   (You found it in an ice cave)

   *Englaciate: It radiates cold, occasionally slowing all nearby creatures who
   are not resistant to cold.
   rC+++:     It renders you almost immune to cold.
   SInv:      It lets you see invisible.
 e - the +0 cloak of Clean Awe (worn) {Regen+ rCorr MP-9 Dex+2}
   (You bought it in a shop on level 2 of the Elven Halls)

   Dex+2:     It affects your dexterity (+2).
   MP-9:      It affects your magic capacity (-9).
   Regen+:    It increases your rate of health regeneration.
   rCorr:     It protects you from acid and corrosion.
 g - a +1 pair of gloves (worn)
 h - a +2 hat (worn)
 i - a +1 tower shield of cold resistance (worn)
 j - a +0 kite shield of reflection
 A - a +0 helmet
Magical Staves
 b - a staff of air (weapon)
Jewellery
 q - a +5 ring of evasion (right hand)
 z - an amulet of regeneration (around neck)
 C - a +5 ring of evasion
 H - an amulet of reflection
 W - a ring of wizardry (left hand)
Wands
 f - a wand of charming (12)
 s - a wand of light (38)
 u - a wand of flame (2)
 y - a wand of mindburst (12)
 D - a wand of digging (7)
 E - a wand of warping (62)
Scrolls
 m - 10 scrolls of revelation
 n - 2 scrolls of noise
 o - 15 scrolls of teleportation
 r - 21 scrolls of identify
 F - a scroll of enchant weapon
 G - a scroll of brand weapon
 I - 5 scrolls of fog
 L - 12 scrolls of fear
 N - 13 scrolls of poison
 O - 7 scrolls of blinking
Potions
 k - 14 potions of enlightenment
 l - 9 potions of brilliance
 p - 6 potions of cancellation
 t - 10 potions of heal wounds
 x - 10 potions of might
 B - 5 potions of resistance
 P - 7 potions of ambrosia
 Q - 5 potions of invisibility
 T - 9 potions of haste
 U - 21 potions of curing


   Skills:
 - Level 19.0 Fighting
 - Level 8.0 Polearms
 - Level 6.1 Armour
 - Level 16.3 Dodging
 - Level 1.5 Stealth
 * Level 21.8 Shields
 - Level 22.0 Spellcasting
 - Level 22.0 Conjurations
 - Level 22.0 Hexes
 - Level 22.0 Summonings
 - Level 22.0 Necromancy
 - Level 22.0 Translocations
 - Level 22.0 Fire Magic
 - Level 22.0 Ice Magic
 - Level 22.0 Air Magic
 - Level 22.0 Earth Magic
 - Level 22.0 Alchemy
 - Level 15.0 Invocations


You knew the following spells:

 Your Spells              Type           Power      Damage    Failure   Level
a - Shock                 Conj/Air       100%       1d9       0%          1
b - Apportation           Tloc           100%       N/A       0%          1
c - Mephitic Cloud        Conj/Alch/Air  100%       N/A       0%          3
d - Static Discharge      Conj/Air       100%       3-8/arc   0%          2
e - Enfeeble              Hex            41%        N/A       1%          7
f - Summon Forest         Summ/Tloc      41%        N/A       0%          5
g - Disjunction           Tloc           41%        N/A       1%          8
j - Arcjolt               Conj/Air       52%        1d62      0%          5
m - Monstrous Menagerie   Summ           41%        N/A       1%          7
z - Airstrike             Air            52%        2d(8-24)  0%          4
B - Blink                 Tloc           100%       N/A       0%          2
D - Dispersal             Tloc           41%        N/A       1%          6
M - Swiftness             Air            100%       N/A       0%          3
O - Infestation           Necr           41%        N/A       1%          8
R - Borgnjor's Revivific  Necr           41%        N/A       1%          8
Y - Summon Ice Beast      Ice/Summ       83%        N/A       0%          3
Your spell library was empty.

Dungeon Overview and Level Annotations

Branches:
Dungeon (15/15)            Temple (1/1) D:6            Lair (5/5) D:8
  Swamp (4/4) Lair:3        Snake (4/4) Lair:3        Slime (0/5) Lair:5
    Orc (2/2) D:9             Elf (3/3) Orc:2        Vaults (4/5) D:13
  Crypt (3/3) Vaults:2       Tomb (0/3) Crypt:3      Depths (4/4) D:15
    Zot (0/5) Depths:4      IceCv (visited)

Altars:
Ashenzari
Cheibriados
Dithmenos
Elyvilon
Fedhas
Gozag
Hepliaklqana
Makhleb
Nemelex Xobeh
Okawaru
Qazlal
Ru
Trog
Uskayaw
Wu Jian
Xom
Yredelemnul
Zin
The Shining One
Beogh
Jiyva
Lugonu

Shops:
D:4 [   D:7 *   D:8 *   D:15 *   Orc:2 (([?(   Elf:2 :=[[   Snake:2 ([(
Snake:4 *   Vaults:1 (   Vaults:2 =*   Vaults:4 (

Portals:
Hell: Depths:1 Depths:2 Depths:3 Depths:4
Abyss: Depths:3
Pandemonium: Depths:2
Ziggurat: Depths:2


Innate Abilities, Weirdness & Mutations

You are immune to sickness and miasma.
You are immune to poison.
Your flesh is very heat resistant. (rF++)
You are vulnerable to cold. (rC-)
You float through the air rather than walking.
You learn spells naturally, not from books.
Your magical power is your life essence.
You have superior vitality. (+4 MHP)
Your spells are a little easier to cast, but a little less powerful.


Message History

The lich conjures an orb of pure magic.
An orb of destruction comes into view.
The orb of destruction hits you!!!!
* * * LOW HITPOINT WARNING * * *
A tengu reaver comes into view.
It is wielding a +2 battleaxe of freezing.
You radiate an aura of cold.
The Orb Guardian zombie is unaffected.
The lich is unaffected.
The Orb Guardian zombie attacks as it pursues you!
You block the Orb Guardian zombie's attack.
Casting: Arcjolt (safe; 0% risk of failure)
Confirm with . or Enter, or press ? or * to list all spells.
Casting: Dispersal (safe; 1% risk of failure)
Press: ? - help, Dir - look around, f - activate The Orb Guardian zombie disappears!
The lich blinks!
* * * LOW HITPOINT WARNING * * *
Unknown command.
Aiming: Imprison (0% risk of failure)
Press: ? - help, Dir - move target, f - lich
Aim: a lich Zin imprisons the lich with walls of pure silver!
A vampire mage comes into view.
Unknown command.
The vampire mage mumbles some strange words.
The vampire mage flickers and vanishes for a moment.
A skeletal warrior comes into view.
It is wielding a +0 scimitar and wearing the +0 ring mail of Egalitarianism {Rampage Int+3 Stlth+}.
A vampire knight comes into view. It is wielding a +0 long sword.
Casting: Dispersal (safe; 1% risk of failure)
Confirm with . or Enter, or press ? or * to list all spells.
A forested plane collides here with a resounding crunch!
Your dryad calls out to the forest.
The forest starts to sway and rumble!
The vampire knight shouts!
* * * LOW HITPOINT WARNING * * *
You radiate an aura of cold.
Your dryad seems to slow down.
The tengu reaver resists.
The vampire knight is unaffected.
A tree reaches out and hits the vampire knight!
The tengu reaver gestures at you while chanting.
The bolt of negative energy hits you!!!
You feel drained.
You die...

######...##......###...#.....#..#
##...########....##.....#..#
##......#......##.....^#..#
###.........###.......#..#
#####...###♣.........#..#
#..)######.#.........#..# #....#
#.♣.........#...
#....♣♣#♣#R#♣#♣♣♣#####...
#.......@.......♣##......
#########.♣♣♣#♣##..Q..♣.#L#######
...<......# ♣.......♣###
#####.....# ♣..ß♣.)♣ß..# #...[.#
♣♣.#♣'V♣#..# #.....# #..#....♣..#
#####.....# ###♣....♣###
..........# '....Q #####.....#
.'....'.


You could see a tengu reaver (repels missiles, ally target), a vampire knight
and a friendly dryad (summoned, slow).

Vanquished Creatures
  Mara (Snake:3)
  A juggernaut (Depths:4)
  A shard shrike (IceCv)
  Saint Roka (Elf:3)
  2 caustic shrikes (Depths:4)
  A golden dragon (Depths:4)
  2 bone dragons
  the Enchantress (Depths:2)
  Jorgrun (D:13)
  Rupert (D:14)
  5 tentacled monstrosities
  4 liches
  A walking earthen tome (Depths:3)
  Asterion (Snake:3)
  2 deep elf blademasters
  2 deep elf master archers (Elf:3)
  6 ancient champions (Crypt:3)
  A titan (Depths:4)
  4 sphinxes
  3 thorn hunters
  Kirke (Lair:3)
  A tengu reaver (Depths:2)
  2 daevas (Depths:2)
  The ghost of Dunag the Warrior, a journeyman MiFi of Ru (D:14)
  4 revenants
  8 nagarajas
  A draconian knight (Depths:4)
  4 fire giants
  5 frost giants
  2 deep elf sorcerers (Elf:3)
  A caustic shrike zombie (Depths:2)
  Louise (Swamp:3)
  3 deep elf elementalists (Elf:3)
  An iron dragon (Depths:4)
  9 vault wardens
  A juggernaut zombie (Crypt:1)
  3 curse skulls
  An orc warlord (Orc:2)
  A draconian stormcaller (Depths:4)
  2 ghouls (Crypt:3)
  A formless jellyfish (Vaults:4)
  7 stone giants
  The ghost of Qikim the Earth Mage, a journeyman GrEE of Gozag (Elf:3)
  2 juggernaut skeletons
  2 very ugly things (Depths:4)
  13 ironbound preservers
  A caustic shrike skeleton (Crypt:2)
  6 deep elf demonologists (Elf:3)
  2 vampire knights (Crypt:3)
  3 spriggan defenders
  Nessos (D:13)
  2 eleionomae (Swamp:1)
  6 ironbound thunderhulks
  A black draconian (Depths:4)
  8 deep elf death magi
  Azrael (Elf:1)
  4 yellow draconians (Depths:4)
  A bunyip (Swamp:2)
  3 dire elephants
  Snorg (D:11)
  8 deep elf annihilators (Elf:3)
  A red draconian (Depths:4)
  2 lorocyprocas
  3 eidola
  2 white draconians
  A crystal guardian (Vaults:2)
  A quicksilver dragon zombie (Crypt:1)
  2 spark wasps (Depths:3)
  A mummy priest (Crypt:3)
  6 ettins
  5 jiangshi
  The ghost of Larett the Warrior, a journeyman MiBe of Trog (D:11)
  3 entropy weavers
  9 fire dragons
  6 yaktaur captains
  2 shambling mangroves
  A deep elf high priest (Elf:3)
  7 great orbs of eyes
  9 rakshasas
  15 hydras
  11 ice dragons
  3 catoblepae
  3 salamander tyrants
  2 hell beasts
  8 spriggan air magi
  3 vault guards
  9 centaur warriors
  2 satyrs (Depths:2)
  7 two-headed ogres
  Erica (D:8)
  11 alligators
  15 ironbound frosthearts
  6 anacondas
  A boulder beetle (Vaults:1)
  A sphinx skeleton (Crypt:3)
  3 ghost crabs
  7 deep troll earth magi
  25 dancing weapons
  5 vampire magi
  Urug (Orc:2)
  4 tengu warriors
  6 spriggan berserkers
  13 naga sharpshooters
  A death yak (shapeshifter) (Depths:2)
  4 shock serpents
  A shock serpent (shapeshifter) (Depths:4)
  5 deep troll shamans
  6 sun demons
  A quicksilver ooze zombie (Crypt:1)
  9 naga warriors
  A titan zombie (Vaults:3)
  6 hell hogs (Depths:2)
  Amaemon (Lair:2)
  Sonja (Lair:3)
  8 hell knights
  3 shadow wraiths (Crypt:3)
  12 deep elf knights
  3 salamander mystics
  4 soul eaters
  9 iron trolls
  A sea snake (shapeshifter) (Vaults:3)
  4 naga ritualists
  6 mana vipers
  A skeletal warrior (Crypt:1)
  4 swamp dragons (Swamp:4)
  48 deep trolls
  An anaconda zombie (Crypt:3)
  4 arcanists
  4 spriggan druids
  A mana viper (shapeshifter) (Depths:3)
  6 goliath frogs
  4 flayed ghosts (Crypt:3)
  4 spectral anacondas (Snake:4)
  5 glowing orange brains
  5 bog bodies
  4 phantasmal warriors
  An iron giant skeleton (Crypt:2)
  16 deep elf pyromancers
  An iron dragon zombie (Crypt:3)
  3 thermic dynamos (Elf:2)
  A harpy (Vaults:1)
  12 necromancers
  11 ironbound convokers
  11 deep elf archers
  6 orc knights
  A large abomination (Elf:1)
  4 anaconda skeletons (Snake:4)
  A tengu zombie (Vaults:3)
  39 ugly things
  Pikel (D:8)
  A fire giant zombie (Vaults:3)
  17 deep elf zephyrmancers
  10 lindwurms
  4 orc sorcerers
  A stone giant zombie (Vaults:4)
  11 salamanders
  A wolf spider (Lair:5)
  5 fauns (Depths:2)
  A human zombie (Crypt:2)
  An eleionoma skeleton (Crypt:2)
  6 cyclopes
  14 elephants
  9 will-o-the-wisps
  A guardian serpent (shapeshifter) (Depths:4)
  2 water nymphs (shapeshifter)
  3 human skeletons
  2 moths of wrath (D:14)
  31 black mambas
  3 kobold blastminers (Orc:2)
  5 guardian serpents
  A frost giant skeleton (Depths:2)
  A stone giant skeleton (Vaults:3)
  6 naga magi
  10 vault sentinels
  2 water nymphs (Depths:2)
  18 cane toads
  A storm dragon simulacrum (Depths:2)
  2 centaur zombies
  2 gargoyles
  An orange demon (Lair:2)
  2 smoke demons
  A shock serpent skeleton (Crypt:2)
  Jeremiah (D:6)
  A centaur skeleton (D:15)
  2 unseen horrors
  13 rime drakes
  4 komodo dragons
  5 kobold demonologists
  A white draconian zombie (Crypt:1)
  2 yaktaur skeletons (Vaults:3)
  17 yaktaurs
  7 freezing wraiths
  4 anaconda simulacra (Snake:4)
  7 guardian mummies (Crypt:3)
  3 tengu conjurers
  A harpy zombie (Crypt:3)
  A queen bee (Lair:1)
  28 polar bears
  An unseen horror skeleton (Crypt:2)
  4 bloated husks
  4 trolls
  7 tyrant leeches
  17 blink frogs
  A dream sheep (shapeshifter) (Elf:2)
  A shadow dragon simulacrum (Crypt:2)
  A death drake skeleton (Crypt:3)
  A glass eye (Depths:4)
  15 hornets
  A harpy skeleton (Crypt:2)
  7 dream sheep (Lair:5)
  15 spriggans
  10 wyverns
  25 slime creatures
  3 vampires (Crypt:3)
  4 fire elementals
  2 water elementals (Elf:2)
  25 yaks
  7 basilisks
  3 fire bats (Depths:1)
  4 hogs (Lair:3)
  2 wargs
  A steam dragon (D:8)
  5 wraiths
  5 redbacks
  Grum (D:8)
  25 nagas
  An acid dragon (shapeshifter) (Elf:2)
  A demonspawn zombie (Crypt:3)
  A harpy simulacrum (Crypt:3)
  10 vampire mosquitoes
  A deep troll zombie (Crypt:2)
  An acid dragon (D:10)
  Duvessa (D:7)
  12 swamp worms
  30 water moccasins
  4 hell hounds (Elf:1)
  6 swamp drakes
  38 orc warriors
  A sky beast (D:7)
  A glowing shapeshifter skeleton (Depths:2)
  2 black bears (Lair:2)
  17 laughing skulls
  9 ogres
  14 centaurs
  17 wolves
  3 boggarts
  3 lemures (D:8)
  2 phantoms (D:5)
  A swamp dragon skeleton (Crypt:1)
  3 elf zombies
  6 kobold brigands
  11 bullfrogs
  2 gnoll sergeants
  A komodo dragon skeleton (Crypt:1)
  3 scorpions
  A draconian skeleton (Crypt:3)
  2 earth elementals
  6 wights
  Dowan (D:7)
  40 killer bees
  A swamp dragon simulacrum (Crypt:2)
  A troll skeleton (Crypt:3)
  3 electric eels
  A howler monkey (D:10)
  A crimson imp (D:5)
  A lava snake (Swamp:4)
  2 bombardier beetles (D:5)
  2 hounds
  3 jellies
  A gnoll bouda (D:7)
  19 orc priests
  9 sleepcaps
  Jessica (D:3)
  4 iguanas
  22 orc wizards
  5 hell rats (Lair:4)
  A boggart skeleton (D:15)
  An ogre zombie (Crypt:3)
  A brain worm zombie (Crypt:1)
  An ogre skeleton (Crypt:3)
  A tengu skeleton (Crypt:1)
  A hound skeleton (Crypt:1)
  2 mummies (Crypt:3)
  22 gnolls
  9 adders
  4 shadow imps
  2 white imps
  3 dart slugs
  A ribbon worm (D:4)
  109 orcs
  10 endoplasms
  A giant cockroach (D:1)
  13 goblins
  2 hobgoblins
  12 jackals
  32 kobolds
  4 quokkas
  6 ball pythons
  3 bats
  5 frilled lizards
  A frilled lizard zombie (Crypt:3)
  A jackal skeleton (Crypt:3)
  2 jackal zombies
  7 rats
  A snaplasher vine (Depths:3)
1731 creatures vanquished.

Vanquished Creatures (collateral kills)
  3 juggernauts
  Bai Suzhen (Snake:3)
  A bone dragon (Depths:4)
  The ghost of Weuw the Warrior, an adept GrFi of Cheibriados (Crypt:2)
  A walking crystal tome (Depths:4)
  A deep elf blademaster (Elf:3)
  A walking earthen tome (Depths:4)
  2 sphinxes
  Frances (D:14)
  3 ancient champions
  A tengu reaver (Vaults:2)
  A fire giant (Depths:1)
  2 iron dragons (Depths:4)
  6 nagarajas (Snake:4)
  2 vault wardens
  5 ironbound preservers
  2 spriggan defenders (Depths:3)
  2 orc warlords (Vaults:1)
  2 ghouls (Crypt:3)
  2 formless jellyfish
  A vampire knight (Depths:1)
  An eidolon (Crypt:3)
  2 dire elephants
  A fire dragon (Depths:1)
  Josephine (D:10)
  5 yaktaur captains
  A deep elf high priest (Elf:3)
  A great orb of eyes (Vaults:4)
  2 salamander tyrants (Snake:4)
  A peacekeeper (Vaults:2)
  A centaur warrior (D:13)
  3 hydras (Swamp:4)
  2 dancing weapons (Elf:2)
  2 boulder beetles
  2 ironbound frosthearts
  3 tengu warriors (Depths:1)
  A spriggan skeleton (Crypt:2)
  An alligator (Swamp:3)
  A deep troll earth mage (Depths:1)
  An occultist (Depths:1)
  6 naga warriors
  2 deep elf knights (Elf:2)
  8 skeletal warriors (Crypt:1)
  A hell knight (Depths:4)
  2 arcanists
  A glowing orange brain (Vaults:3)
  A tengu zombie (Depths:2)
  12 deep trolls
  A mana viper (Snake:4)
  3 ironbound convokers
  4 orc knights
  3 deep elf zephyrmancers
  A phantasmal warrior (Crypt:3)
  3 necromancers
  8 ugly things
  2 deep elf pyromancers
  2 orc sorcerers (Vaults:1)
  2 cyclopes (D:13)
  A manticore (D:13)
  A salamander (Snake:3)
  A wolf spider (Lair:5)
  An elephant (Lair:4)
  2 black mambas
  A dire elephant zombie (Crypt:2)
  A cane toad (Lair:4)
  3 vault sentinels
  5 naga magi
  A gargoyle (D:12)
  2 guardian serpents
  A rime drake (IceCv)
  12 yaktaurs
  A tengu conjurer (D:15)
  An iron troll skeleton (Crypt:1)
  3 trolls
  2 polar bears (IceCv)
  2 hornets
  6 blink frogs
  3 slime creatures (Vaults:4)
  2 spriggans (Swamp:3)
  7 wyverns
  3 wraiths
  4 yaks (Lair:5)
  5 vampire mosquitoes (D:12)
  11 nagas (Snake:3)
  A glowing shapeshifter zombie (Vaults:4)
  6 orc warriors
  A gnoll sergeant (D:10)
  An orc priest (Orc:1)
  3 orc wizards
  2 gnolls (D:10)
  13 orcs
  2 kobolds (D:10)
  A jackal zombie (Crypt:2)
247 creatures vanquished.

Vanquished Creatures (others)
  A naga sharpshooter (Snake:4)
  A deep elf knight (Elf:2)
  A glowing orange brain (Depths:2)
  A deep elf pyromancer (D:14)
  A deep elf zephyrmancer (Elf:1)
  A human (Lair:3)
  2 swamp drakes (Swamp:4)
  16 foxfires
  29 snaplasher vines
53 creatures vanquished.

Grand Total: 2031 creatures vanquished

Notes
Turn   | Place    | Note
-------+----------+-------------------------------------------
     0 | D:1      | Banquo the Djinni Air Elementalist began the quest for the
                  | Orb.
     0 | D:1      | Banquo set off with the following spells memorised: Shock,
                  | Static Discharge, Swiftness, Airstrike.
     0 | D:1      | Reached XP level 1. HP: 15/15 MP: 0/0
   171 | D:1      | Reached XP level 2. HP: 21/22 MP: 0/0
   182 | D:1      | Reached skill level 1 in Fighting
   366 | D:1      | Reached XP level 3. HP: 17/27 MP: 0/0
   366 | D:1      | Learned a level 1 spell: Apportation
  1323 | D:2      | Reached XP level 4. HP: 26/33 MP: 0/0
  1357 | D:2      | Found a glowing silver altar of Zin.
  1735 | D:2      | Became a worshipper of Zin the Law-Giver
  1735 | D:2      | Reached * piety under Zin
  1789 | D:2      | You are sucked into a shaft and drop 2 floors!
  1957 | D:3      | Reached XP level 5. HP: 37/39 MP: 0/0
  1957 | D:3      | Learned a level 2 spell: Blink
  2057 | D:3      | Noticed Jessica
  2061 | D:3      | Killed Jessica
  2062 | D:3      | Reached skill level 1 in Invocations
  2187 | D:2      | Found a faded altar of an unknown god.
  3191 | D:4      | Reached XP level 6. HP: 30/46 MP: 0/0
  3421 | D:4      | Noticed an ogre
  3626 | D:4      | Killed an ogre
  3808 | D:4      | Reached XP level 7. HP: 46/50 MP: 0/0
  3808 | D:4      | Learned a level 3 spell: Summon Ice Beast
  4089 | D:4      | Found a hide-covered altar of Uskayaw.
  4115 | D:4      | Noticed a +0 hand axe
  4115 | D:4      | Noticed a +0 hand axe
  4162 | D:4      | Found Sirahaj's Armour Shop.
  4478 | D:5      | Entered Level 5 of the Dungeon
  4504 | D:5      | Found a shimmering altar of Xom.
  4594 | D:5      | Found an iron altar of Okawaru.
  4601 | D:5      | Reached ** piety under Zin
  4958 | D:5      | Reached XP level 8. HP: 42/58 MP: 0/0
  5049 | D:5      | Found the +8 trident of the Octopus King {venom, rElec
                  | rPois}
  5251 | D:5      | Reached skill level 5 in Spellcasting
  5251 | D:5      | Reached skill level 5 in Conjurations
  5251 | D:5      | Reached skill level 5 in Hexes
  5251 | D:5      | Reached skill level 5 in Summonings
  5251 | D:5      | Reached skill level 5 in Necromancy
  5251 | D:5      | Reached skill level 5 in Translocations
  5251 | D:5      | Reached skill level 5 in Fire Magic
  5251 | D:5      | Reached skill level 5 in Ice Magic
  5251 | D:5      | Reached skill level 5 in Air Magic
  5251 | D:5      | Reached skill level 5 in Earth Magic
  5251 | D:5      | Reached skill level 5 in Alchemy
  5357 | D:5      | Reached skill level 5 in Dodging
  5561 | D:5      | Reached skill level 5 in Fighting
  5688 | D:5      | Found an opulent altar of Gozag.
  5981 | D:5      | Reached XP level 9. HP: 36/65 MP: 0/0
  5981 | D:5      | Learned a level 3 spell: Mephitic Cloud
  6270 | D:6      | Found a staircase to the Ecumenical Temple.
  6396 | Temple   | Entered the Ecumenical Temple
  6523 | D:6      | Found a blossoming altar of Fedhas.
  6630 | D:6      | Reached skill level 5 in Invocations
  6754 | D:6      | Noticed Jeremiah
  6809 | D:6      | Reached *** piety under Zin
  7066 | D:6      | Killed Jeremiah
  7360 | D:7      | Noticed Dowan
  7362 | D:7      | Killed Dowan
  7582 | D:7      | Found Pogesor's General Store.
  7622 | D:7      | Reached **** piety under Zin
  7627 | D:7      | Found a burning altar of Makhleb.
  7665 | D:7      | Found a broken altar of Ashenzari.
  7684 | D:7      | Noticed Duvessa
  7694 | D:7      | Killed Duvessa
  7695 | D:7      | Reached XP level 10. HP: 41/73 MP: 0/0
  8294 | D:7      | Bought a scroll of teleportation for 42 gold pieces
  8583 | D:8      | Found a hazy altar of Hepliaklqana.
  8709 | D:8      | Noticed Grum
  8842 | D:8      | Noticed Erica
  8847 | D:8      | Killed Erica
  8848 | D:8      | Found a staircase to the Lair.
  8848 | D:8      | Noticed Pikel
  9211 | D:8      | Killed Pikel
  9740 | D:8      | Found Wisaficw's Overcharged Wands.
 10125 | D:8      | Found Wisaficw's Overcharged Wands.
 10225 | D:8      | Reached XP level 11. HP: 60/79 MP: 0/0
 10225 | D:8      | Learned a level 5 spell: Arcjolt
 10225 | D:8      | Killed Grum
 10421 | D:8      | Found a hazy altar of Hepliaklqana.
 10903 | D:9      | Reached skill level 1 in Polearms
 11286 | D:9      | Identified the +0 robe of Uskayaw's Favour {Dex+4 SInv}
 11571 | D:9      | Found a staircase to the Orcish Mines.
 11649 | D:9      | Noticed a two-headed ogre
 11656 | D:9      | Killed a two-headed ogre
 11657 | D:9      | Reached skill level 1 in Shields
 11658 | D:9      | Noticed a two-headed ogre
 11708 | Lair:1   | Entered Level 1 of the Lair of Beasts
 11805 | Lair:1   | Identified a scroll of acquirement
 11805 | Lair:1   | Acquired a manual of Dodging
 12901 | Lair:1   | Reached ***** piety under Zin
 13564 | Lair:2   | Reached XP level 12. HP: 72/88 MP: 0/0
 13833 | Lair:2   | Noticed a catoblepas
 13842 | Lair:2   | Killed a catoblepas
 13843 | Lair:2   | Reached skill level 10 in Dodging
 15822 | Lair:2   | Noticed Amaemon
 15832 | Lair:2   | Killed Amaemon
 16670 | Lair:3   | Noticed an eight-headed hydra
 16675 | Lair:3   | Killed an eight-headed hydra
 16676 | Lair:3   | Reached skill level 5 in Shields
 16676 | Lair:3   | Reached XP level 13. HP: 75/94 MP: 0/0
 16676 | Lair:3   | Learned a level 5 spell: Summon Forest
 16902 | Lair:3   | Found a staircase to the Swamp.
 16916 | Lair:3   | Noticed Sonja
 16920 | Lair:3   | Killed Sonja
 16996 | Lair:3   | Noticed a four-headed hydra
 17014 | Lair:3   | Killed a four-headed hydra
 17260 | Lair:3   | Noticed Kirke
 17268 | Lair:3   | Killed Kirke
 17702 | Lair:3   | Found a staircase to the Snake Pit.
 17730 | Lair:3   | Reached skill level 5 in Polearms
 18566 | Lair:4   | Reached skill level 10 in Fighting
 18568 | Lair:4   | Reached skill level 10 in Spellcasting
 18568 | Lair:4   | Reached skill level 10 in Conjurations
 18568 | Lair:4   | Reached skill level 10 in Hexes
 18568 | Lair:4   | Reached skill level 10 in Summonings
 18568 | Lair:4   | Reached skill level 10 in Necromancy
 18568 | Lair:4   | Reached skill level 10 in Translocations
 18568 | Lair:4   | Reached skill level 10 in Fire Magic
 18568 | Lair:4   | Reached skill level 10 in Ice Magic
 18568 | Lair:4   | Reached skill level 10 in Air Magic
 18568 | Lair:4   | Reached skill level 10 in Earth Magic
 18568 | Lair:4   | Reached skill level 10 in Alchemy
 19731 | Lair:4   | Noticed a catoblepas
 19736 | Lair:4   | Reached XP level 14. HP: 79/103 MP: 0/0
 19745 | Lair:4   | Reached skill level 10 in Invocations
 20918 | Lair:5   | Entered Level 5 of the Lair of Beasts
 22525 | Lair:5   | Found a staircase to the Slime Pits.
 22525 | Lair:5   | Found a viscous altar of Jiyva.
 23416 | Lair:5   | Reached ****** piety under Zin
 24206 | D:9      | Found a bloodstained altar of Trog.
 24226 | D:9      | Found a bloodstained altar of Trog.
 24517 | D:9      | Found a staircase to the Orcish Mines.
 24704 | D:10     | Entered Level 10 of the Dungeon
 24989 | D:10     | Noticed Josephine
 25031 | D:10     | Killed Josephine
 25371 | D:10     | Found a white marble altar of Elyvilon.
 25983 | D:10     | Found an ornate altar of the Wu Jian Council.
 26540 | D:10     | Reached XP level 15. HP: 84/111 MP: 0/0
 26540 | D:10     | Learned a level 6 spell: Dispersal
 26929 | D:10     | Found a white marble altar of Elyvilon.
 27193 | D:10     | Found an ornate altar of the Wu Jian Council.
 28087 | D:11     | Noticed Snorg
 28101 | D:11     | Found a runed translucent door.
 28106 | D:11     | Noticed Larett's ghost (journeyman MiBe)
 28195 | D:11     | Killed Snorg
 28831 | D:12     | Identified the +1 sling of Responsibility {elec, Will+
                  | Str+3 Int+4}
 29267 | D:12     | Found a sparkling altar of Nemelex Xobeh.
 29488 | Orc:1    | Entered Level 1 of the Orcish Mines
 29942 | Orc:2    | Entered Level 2 of the Orcish Mines
 30148 | Orc:2    | Found a roughly hewn altar of Beogh.
 30238 | Orc:2    | Found a roughly hewn altar of Beogh.
 30281 | Orc:2    | Found Bepa's Weapon Shoppe.
 30390 | Orc:2    | Found Eqoolih's Weapon Boutique.
 30391 | Orc:2    | Found a staircase to the Elven Halls.
 30394 | Orc:2    | Noticed Urug
 30402 | Orc:2    | Killed Urug
 30931 | Orc:2    | Noticed an orc warlord
 31033 | Orc:2    | Killed an orc warlord
 31225 | Orc:2    | Found a roughly hewn altar of Beogh.
 31225 | Orc:2    | Found Riuxupru's Antique Armour Shop.
 31238 | Orc:2    | Found Veynu's Antique Weapon Boutique.
 31298 | Orc:2    | Found a roughly hewn altar of Beogh.
 31504 | Orc:2    | Found a roughly hewn altar of Beogh.
 31567 | Orc:2    | Found a roughly hewn altar of Beogh.
 31627 | Orc:2    | Found Xoemeqa's Magic Scroll Boutique.
 31669 | Orc:2    | Found Eqoolih's Weapon Boutique.
 31682 | Orc:2    | Found a staircase to the Elven Halls.
 31785 | Orc:2    | Found a roughly hewn altar of Beogh.
 31790 | Orc:2    | Found Bepa's Weapon Shoppe.
 31870 | Orc:2    | Found a roughly hewn altar of Beogh.
 32111 | Orc:2    | Found a roughly hewn altar of Beogh.
 32115 | Orc:2    | Found Xoemeqa's Magic Scroll Boutique.
 32147 | Orc:2    | Found a roughly hewn altar of Beogh.
 32167 | Orc:2    | Found a roughly hewn altar of Beogh.
 32193 | Orc:2    | Found Veynu's Antique Weapon Boutique.
 32194 | Orc:2    | Found a roughly hewn altar of Beogh.
 32197 | Orc:2    | Found Riuxupru's Antique Armour Shop.
 32202 | Orc:2    | Bought a smoking chain mail for 256 gold pieces
 32202 | Orc:2    | Identified the +2 chain mail "Emoishrusk" {Slay+2} (You
                  | bought it in a shop on level 2 of the Orcish Mines)
 32475 | D:13     | Noticed Jorgrun
 32481 | D:13     | Killed Jorgrun
 33046 | D:13     | Reached XP level 16. HP: 106/118 MP: 0/0
 33327 | D:13     | Found a gate to the Vaults.
 33377 | D:14     | Noticed Nessos
 33377 | D:14     | Noticed Rupert
 33386 | D:13     | Killed Nessos
 33456 | D:14     | Found a transporter.
 33458 | D:14     | Found a transporter.
 33458 | D:14     | Identified the +1 cloak of Gestures {rElec Stlth+}
 33524 | D:14     | Killed Rupert
 34019 | D:14     | Found a bloodstained altar of Trog.
 34019 | D:14     | Noticed Dunag's ghost (journeyman MiFi)
 34105 | D:14     | Noticed Frances
 34110 | D:14     | Identified the +8 quarterstaff of the Spider Nest {heavy,
                  | rCorr Int+5}
 34113 | D:14     | Killed Frances
 34360 | D:15     | Entered Level 15 of the Dungeon
 35407 | D:15     | Found Aphes's Alliterative Armaments.
 35444 | D:15     | Reached skill level 10 in Shields
 35953 | D:15     | Found a staircase to the Depths.
 36614 | D:11     | Killed Larett's ghost
 36744 | Snake:1  | Entered Level 1 of the Snake Pit
 36751 | Snake:1  | Reached skill level 15 in Dodging
 37597 | Snake:2  | Reached XP level 17. HP: 102/126 MP: 0/0
 37597 | Snake:2  | Learned a level 7 spell: Enfeeble
 37833 | Snake:2  | Found Afirhic's Weapon Boutique.
 37835 | Snake:2  | Found Upsu's Armour Shop.
 37851 | Snake:2  | Found Suosakou's Weapon Boutique.
 38488 | Snake:2  | Identified the +3 leather armour of an ossuary {rPois MP+9
                  | Dex-4 SInv}
 38610 | Snake:3  | Noticed Asterion
 38617 | Snake:3  | Noticed an Executioner
 38681 | Snake:3  | Noticed Mara
 38686 | Snake:3  | Killed Mara
 39136 | Snake:3  | Killed Asterion
 39309 | Snake:3  | Noticed Bai Suzhen
 39343 | Snake:4  | Entered Level 4 of the Snake Pit
 39464 | Snake:4  | Identified the ring of Youthful Indiscretion {Int+2 SInv}
 39498 | Snake:4  | Found a glacial archway.
 39545 | IceCv    | Entered an ice cave
 40229 | IceCv    | Reached XP level 18. HP: 85/135 MP: 0/0
 40271 | IceCv    | Was placed under penance by Zin
 40558 | IceCv    | Noticed a shard shrike
 40660 | IceCv    | Killed a shard shrike
 40749 | IceCv    | Found the +4 skin of Zhor {*Englaciate rC+++ SInv}
 40761 | IceCv    | Was forgiven by Zin
 40778 | IceCv    | Identified the +1 rapier of Havoc {flame, rPois rC+ rCorr}
 41395 | Swamp:1  | Entered Level 1 of the Swamp
 41434 | Swamp:1  | Identified the +7 dagger of Hacwawi {freeze, Int-4 Dex+4}
 43563 | Swamp:3  | Noticed Louise
 43574 | Swamp:3  | Killed Louise
 43601 | Swamp:3  | Identified the ring of Woupic {Ice rN+ Str-4 Int+5}
 44232 | Swamp:4  | Entered Level 4 of the Swamp
 44367 | Swamp:3  | Identified the +1 robe of the Shore {rN+ Slay+2}
 44453 | Swamp:4  | Reached XP level 19. HP: 131/141 MP: 0/0
 44453 | Swamp:4  | Learned a level 7 spell: Monstrous Menagerie
 44978 | Swamp:4  | Reached skill level 15 in Shields
 45161 | Swamp:4  | Reached skill level 15 in Spellcasting
 45161 | Swamp:4  | Reached skill level 15 in Conjurations
 45161 | Swamp:4  | Reached skill level 15 in Hexes
 45161 | Swamp:4  | Reached skill level 15 in Summonings
 45161 | Swamp:4  | Reached skill level 15 in Necromancy
 45161 | Swamp:4  | Reached skill level 15 in Translocations
 45161 | Swamp:4  | Reached skill level 15 in Fire Magic
 45161 | Swamp:4  | Reached skill level 15 in Ice Magic
 45161 | Swamp:4  | Reached skill level 15 in Air Magic
 45161 | Swamp:4  | Reached skill level 15 in Earth Magic
 45161 | Swamp:4  | Reached skill level 15 in Alchemy
 45692 | Swamp:4  | Got a decaying rune of Zot
 46317 | Elf:1    | Entered Level 1 of the Elven Halls
 46380 | Elf:1    | Noticed Azrael
 46421 | Elf:1    | Killed Azrael
 47418 | Elf:2    | Found Koudeewuen's Antique Armour Shoppe.
 47463 | Elf:2    | Identified the +1 leather armour of Prudence {Harm rCorr
                  | Str+2 Int-2}
 47659 | Elf:2    | Found Plog's Book Shop.
 47932 | Elf:2    | Found a huge runed translucent gate.
 47932 | Elf:2    | Found a huge runed translucent gate.
 47932 | Elf:2    | Found a huge runed translucent gate.
 47935 | Elf:2    | Found a huge runed translucent gate.
 47948 | Elf:2    | Found a huge runed translucent gate.
 48038 | Elf:2    | Found Beci's Jewellery Boutique.
 48063 | Elf:2    | Found Rukk's Antique Armour Emporium.
 48067 | Elf:2    | Bought a scorched helmet for 218 gold pieces
 48067 | Elf:2    | Identified the +1 helmet "Aptiept" {Fly rElec rF- Str+3}
                  | (You bought it in a shop on level 2 of the Elven Halls)
 48077 | Elf:2    | Bought a polished cloak for 218 gold pieces
 48077 | Elf:2    | Identified the +0 cloak of Clean Awe {Regen+ rCorr MP-9
                  | Dex+2} (You bought it in a shop on level 2 of the Elven
                  | Halls)
 48077 | Elf:2    | Bought a twisted leather armour for 161 gold pieces
 48077 | Elf:2    | Identified the +0 leather armour "Ugeret" {rF+} (You bought
                  | it in a shop on level 2 of the Elven Halls)
 48637 | Elf:3    | Entered Level 3 of the Elven Halls
 48637 | Elf:3    | Noticed Saint Roka
 48762 | Elf:3    | Found a large runed translucent door.
 48762 | Elf:3    | Found a large runed translucent door.
 48763 | Elf:3    | Noticed Qikim's ghost (journeyman GrEE)
 49027 | Elf:3    | Reached XP level 20. HP: 142/148 MP: 0/0
 50356 | Elf:3    | Identified the +0 robe of the Chimera {Regen+}
 50373 | Elf:3    | Killed Saint Roka
 50474 | Elf:3    | Identified the +1 chain mail of Wiusanid {rElec Str+4}
 50529 | Elf:3    | Identified the +7 chain mail of Fun and Games {rElec Str+3}
 51238 | Elf:3    | Identified the +6 short sword "Beqif" {distort, rC++}
 51341 | Elf:3    | Identified the staff "Imae" {Str+3 Dex+4 Earth}
 51377 | Elf:3    | Identified the +4 short sword "Beetleslayer" {antimagic,
                  | *Slow rCorr Str+2}
 51399 | Elf:3    | Identified the +2 ring mail of Recklessness {Str+3}
 51441 | Elf:3    | Identified the +1 plate armour of the Beekeeper {rC+ Regen+
                  | Int+4}
 51866 | Elf:3    | Killed Qikim's ghost
 51895 | Elf:3    | Identified the +9 rapier "Demonslayer" {freeze, rPois rC-
                  | rN+++ Will++}
 52270 | Vaults:1 | Entered Level 1 of the Vaults
 52564 | Vaults:1 | Found Danlibb's Weapon Shoppe.
 53133 | Vaults:1 | Reached XP level 21. HP: 122/153 MP: 0/0
 53133 | Vaults:1 | Learned a level 8 spell: Infestation
 53670 | Vaults:2 | Found Iqod's Jewellery Shop.
 53764 | Vaults:2 | Found a staircase to the Crypt.
 53768 | Vaults:2 | Found a flickering gateway to a bazaar.
 53782 | Bazaar   | Entered a bazaar
 53782 | Bazaar   | Found Usiuvat's Weapon Shoppe.
 53782 | Bazaar   | Found Fifyschi's Armour Emporium.
 53782 | Bazaar   | Found Wosuem's Weapon Emporium.
 53782 | Bazaar   | Found Nuhaty's General Store.
 53800 | Bazaar   | Bought 2 potions of brilliance for 96 gold pieces
 54094 | Vaults:2 | Reached skill level 15 in Fighting
 54526 | Vaults:2 | Found Udwil's General Store.
 55130 | Vaults:2 | Identified the +1 chain mail "Jugyiwiv" {Harm rF- Str+4}
 55211 | Vaults:2 | Gained mutation: Your spells are a little easier to cast,
                  | but a little less powerful. [mutagenic glow]
 57036 | Vaults:3 | Reached XP level 22. HP: 146/163 MP: 0/0
 58029 | Vaults:4 | Found Zuto's Weapon Shoppe.
 59462 | Depths:1 | Entered Level 1 of the Depths
 59511 | Depths:1 | You are sucked into a shaft and drop 1 floor!
 59511 | Depths:2 | Found a gateway to Hell.
 59520 | Depths:2 | Found a one-way gateway to a ziggurat.
 59523 | Depths:2 | Found a one-way gate leading to the halls of Pandemonium.
 60011 | Depths:1 | Reached XP level 23. HP: 104/172 MP: 0/0
 60011 | Depths:1 | Learned a level 8 spell: Disjunction
 61622 | Depths:2 | Identified the +1 robe "Royc Jeud" {rF+}
 63475 | Depths:2 | Noticed the Enchantress
 63480 | Depths:2 | Killed the Enchantress
 63846 | Depths:3 | Reached skill level 1 in Armour
 63975 | Depths:3 | Noticed a juggernaut
 64217 | Depths:3 | Reached XP level 24. HP: 111/181 MP: 0/0
 64541 | Depths:3 | Identified the +0 robe of Destom {rPois}
 64560 | Depths:3 | Killed a juggernaut
 64603 | Depths:3 | Identified the ring "Veta" {rPois Str+6}
 64672 | Depths:3 | Found a corrupted altar of Lugonu.
 64674 | Depths:3 | Found a one-way gate to the infinite horrors of the Abyss.
 64959 | Depths:4 | Entered Level 4 of the Depths
 65506 | Depths:4 | Noticed a juggernaut
 65563 | Depths:4 | Killed a juggernaut
 66462 | Depths:4 | Noticed a golden dragon
 66532 | Depths:4 | Killed a golden dragon
 66850 | Depths:4 | Reached skill level 5 in Armour
 67224 | Depths:4 | Found a gate to the Realm of Zot.
 67332 | Depths:4 | Noticed a caustic shrike
 67335 | Depths:4 | Killed a caustic shrike
 67377 | Depths:4 | Noticed a juggernaut
 67391 | Depths:4 | Killed a juggernaut
 67447 | Depths:4 | Noticed a juggernaut
 67477 | Depths:4 | Killed a juggernaut
 67519 | Depths:4 | Noticed a caustic shrike
 67526 | Depths:4 | Killed a caustic shrike
 67713 | Depths:4 | Identified the +7 mace "Juiraim" {drain, Stlth+}
 68754 | Elf:2    | Reached XP level 25. HP: 168/189 MP: 0/0
 68754 | Elf:2    | Learned a level 8 spell: Borgnjor's Revivification
 69744 | D:14     | Killed Dunag's ghost
 69974 | D:14     | Found a transporter.
 69976 | D:14     | Found a transporter.
 69982 | D:14     | Found a bloodstained altar of Trog.
 70341 | Snake:3  | Killed Bai Suzhen
 70512 | Snake:3  | Identified the +2 chain mail of the Original Sin {Regen+}
 70781 | Snake:4  | Found Yhaqici's General Store.
 71012 | Snake:4  | Reached skill level 15 in Invocations
 71838 | Snake:4  | Got a serpentine rune of Zot
 72320 | Crypt:1  | Entered Level 1 of the Crypt
 72428 | Crypt:1  | You are sucked into a shaft and drop 1 floor!
 74285 | Crypt:2  | Noticed Weuw's ghost (adept GrFi)
 74304 | Crypt:2  | Found a runed translucent door.
 74795 | Crypt:2  | Killed Weuw's ghost
 74899 | Crypt:3  | Entered Level 3 of the Crypt
 75776 | Crypt:3  | Reached XP level 26. HP: 84/195 MP: 0/0
 76867 | Crypt:3  | Found a staircase to the Tomb.
 77082 | Crypt:3  | Identified the +0 ring mail of Egalitarianism {Rampage
                  | Int+3 Stlth+}
 77084 | Crypt:3  | Killed from afar by a tengu reaver

Illustrated notes

Levels and vault maps discovered:
D:1:      minmay_arrival_open_corners, layout_basic, minivault_27,
          minmay_misc_feat_four_crosses, amcnicky_mini_pool_small
D:2:      layout_loops_ring, shapermc_ecumenical_altar_acropolis, basic_altar
D:3:      layout_basic, uniq_jessica
D:4:      layout_cave_pools, dancing_weapons_uskayaw, serial_shops, shop,
          serial_co_window_serial, co_window_of_opportunity_a,
          co_window_paths_b, co_window_paths_b, co_window_cross_1,
          co_window_corner_a, co_window_of_opportunity_c,
          co_window_unsneaky_path_c, co_window_broadway_c, co_window_corner_b,
          co_window_broadway_c, co_window_cross_4, co_window_4corner_b,
          co_window_paths_d, glass_columns_c, glass_columns_b, glass_columns_c
D:5:      minmay_chambers_of_fours, layout_rooms, mainiacjoe_overflow_brackets,
          xom_teletrap_fun, lemuel_crystal_altar, minmay_fire_ice_demons
D:6:      layout_rooms, mainiacjoe_overflow_six_doors_small,
          minmay_temple_entry_butterflies, bh_walls_and_bars, uniq_jeremiah
D:7:      layout_cave_pools, minitemple, serial_shops,
          nicolae_inconvenience_store, uniq_duvessa
D:8:      layout_basic, nicolae_hepliaklqana_hazy_memory, lair_entry_dummy,
          minmay_curled_crystal, serial_bayou_lagoon_a,
          nicolae_shop_overcharged_wands, uniq_erica, uniq_pikel, uniq_grum
D:9:      layout_basic, trog_three_pillars_becter, orc_0_dummy
D:10:     layout_stronghold, nicolae_overflow_hidden_temple,
          general_overflow_altar, grunt_ministairs_1, uniq_josephine
D:11:     layout_roguey [special_room_orc], hellmonk_ghost_happy_afterlife,
          uniq_snorg
D:12:     layout_rooms, nemelex_lonely_heart_becter
D:13:     layout_small_grid, david_vaults_4, drop_trap, uniq_jorgrun
D:14:     layout_cave_pools, serial_park, serial_park_tiny_2,
          serial_park_tiny_2, serial_park_avenue1, serial_park_avenue1,
          gammafunk_ghost_wrathful_warriors, uniq_frances, uniq_nessos,
          uniq_rupert
D:15:     grunt_enter_depths_magical_seal, layout_layer_cave,
          grunt_decor_mini_mirrors, monkooky_shop_alliterative
Temple:   grunt_temple_mini_profane
Lair:1:   layout_roguey [special_room_bee], serial_bayou_shore_a
Lair:2:   layout_long_grid, beast_lair_carwin_3, uniq_amaemon
Lair:3:   layout_hall_layers, minmay_swamp_entry_worms, dummy_snake_entry,
          grunt_megastairs_2, uniq_kirke, uniq_sonja
Lair:4:   layout_cave_pods, infiniplex_staircase_pool, grunt_megastairs_1
Lair:5:   hangedman_lair_tendril_chambers, layout_gridlike, slime_entry_1
Swamp:1:  layout_basic_swamp, evilmike_swamp_ruin_house_5
Swamp:2:  layout_basic_swamp, nicolae_swamp_fairy_circle
Swamp:3:  nicolae_swamp_secret_spriggan_hideout, layout_falls_marsh,
          evilmike_swamp_ruin_house_2, uniq_louise
Swamp:4:  swamp_fiery, layout_basic_swamp, infiniplex_staircase_pool_2
Snake:1:  layout_cave_pods
Snake:2:  layout_rooms, st_stairs_11, minmay_shop_star, grunt_megastairs_4
Snake:3:  layout_onion_interference, hangedman_snake_corridor_split,
          uniq_asterion, uniq_bai_suzhen, uniq_mara
Snake:4:  grunt_snake_rune_spirals, layout_onion,
          portal_ice_cave_entry_pillars_three, serial_shops,
          nicolae_lakefront_shop, nicolae_snake_dead_anacondas
Orc:1:    layout_caves
Orc:2:    grunt_orc_community_town_hall, layout_diamond_mine,
          grunt_orc_community_big_house_2, grunt_orc_community_big_house_2,
          grunt_orc_community_house_2, grunt_orc_community_house_3,
          grunt_orc_community_house_1, grunt_orc_community_house_1,
          serial_shops, nicolae_shop_tiny_statue_garden, uniq_urug
Elf:1:    eino_elf_arrival_the_gate, layout_loops_corners,
          minmay_elf_necromancy, uniq_azrael
Elf:2:    elven_hall_of_blades_hangedman_alternative
          [nicolae_blade_little_rooms], layout_onion_city, serial_shops, shop,
          shop, shop, nicolae_book_shop_shelving
Elf:3:    elf_hall, layout_geoelf_castle, ebering_ghost_disaster_area,
          uniq_saint_roka
Vaults:1: nicolae_vaults_trapezoid_layered, nicolae_vaults_network_s,
          nicolae_vaults_cornered_office, minmay_orc_keep,
          nicolae_vaults_circle_grid_a, vaults_room_grunt_arrival_ludios,
          layout_vaults_omnigrid, serial_shops, nicolae_shop_just_a_little_nook
Vaults:2: v_misc_14, v_rooms_1, nicolae_vaults_shrinking_rooms_1,
          nicolae_vaults_rhombus_6, v_alt_pattern_5,
          ontoclasm_vaults_claustrophobia, st_cross,
          nicolae_vaults_little_squares_3, v_rooms_3, hangedman_vaults_snaps,
          nicolae_vaults_trapezoid_layered, v_misc_25,
          nicolae_vaults_little_squares_3, vaults_room_door_hall,
          nicolae_vaults_variable_pillar_hall, layout_vaults_maze, serial_shops,
          bzr_entry_dummy, shop, shop
Vaults:3: vaults_dpeg_hooks, nicolae_vaults_lightning_bolt,
          grunt_vaults_hallway_long, nicolae_vaults_surprise_closet,
          nicolae_vaults_heart-shaped_vault, nicolae_vaults_octagons,
          ontoclasm_vaults_bender, ontoclasm_vaults_hangar,
          nicolae_vaults_diamond_1, vaults_dpeg_cross,
          hangedman_vaults_variations, vaults_room_fours, vaults_dpeg_spiral,
          layout_vaults_big_cross
Vaults:4: vaults_mumra_hex, hangedman_vaults_stretched_pinwheel,
          v_alt_pattern_1, nicolae_vaults_trapezoid_2,
          nicolae_vaults_tetromino_T_2, nicolae_vaults_meiosis, v_pattern_3,
          nicolae_vaults_theta, nicolae_vaults_trapezoid_4,
          ontoclasm_vaults_chip, vaults_room_corners, ontoclasm_vaults_spin,
          layout_vaults_ring, serial_glass, serial_shops,
          nicolae_shop_mannequins
Crypt:1:  layout_catacombs, minivault_25
Crypt:2:  layout_chaotic_city, hellmonk_ghost_big_iron
Crypt:3:  lightli_unholy_cathedral, layout_chaotic_city,
          tomb_entry_sphere_bobbens, nicolae_crypt_booths_of_the_dead,
          uniq_sojobo, uniq_josephina
Depths:1: layout_roguey, hellmouth_1, minmay_fractal_squares_diagonal_5
Depths:2: grunt_forest_end_winery, layout_cave_shapes, enter_ziggurat_d,
          pan_entry, hellmouth_3
Depths:3: minmay_cut_squares, layout_gridlike, nicolae_benzene_ring,
          abyss_entry_flame_altar, grunt_hell_entry_dis_mu,
          nrook_kobold_shadow_demons
Depths:4: grunt_zot_entry_gee_three, layout_basic, hell_entry,
          minmay_misc_feat_tower, minmay_swirly_circle,
          infiniplex_staircase_pool_lava, uniq_enchantress

Skill      XL: |  1  2  3  4  5  6  7  8  9 10 11 12 13 14 15 16 17 18 19 20 21 22 23 24 25 26 |
---------------+-------------------------------------------------------------------------------+-----
Fighting       | 1 2 3 4 5 6 7 8 9 10 11 12 13 14 15 17 18 19 | 19.0
Spellcasting   | 4 5 6 7 8 9 10 11 12 13 14 16 17 18 19 20 21 22 | 22.0
Conjurations   | 4 5 6 7 8 9 10 11 12 13 14 16 17 18 19 20 21 22 | 22.0
Hexes          | 4 5 6 7 8 9 10 11 12 13 14 16 17 18 19 20 21 22 | 22.0
Summonings     | 4 5 6 7 8 9 10 11 12 13 14 16 17 18 19 20 21 22 | 22.0
Necromancy     | 4 5 6 7 8 9 10 11 12 13 14 16 17 18 19 20 21 22 | 22.0
Translocations | 4 5 6 7 8 9 10 11 12 13 14 16 17 18 19 20 21 22 | 22.0
Fire Magic     | 4 5 6 7 8 9 10 11 12 13 14 16 17 18 19 20 21 22 | 22.0
Ice Magic      | 4 5 6 7 8 9 10 11 12 13 14 16 17 18 19 20 21 22 | 22.0
Air Magic      | 4 5 6 7 8 9 10 11 12 13 14 16 17 18 19 20 21 22 | 22.0
Earth Magic    | 4 5 6 7 8 9 10 11 12 13 14 16 17 18 19 20 21 22 | 22.0
Alchemy        | 4 5 6 7 8 9 10 11 12 13 14 16 17 18 19 20 21 22 | 22.0
Invocations    | 1 2 3 4 5 6 7 8 9 11 12 13 14 15 | 15.0
Dodging        | 3 4 5 6 8 9 11 12 13 15 16 | 16.3
Polearms       | 2 4 5 6 7 8 |  8.0
Shields        | 3 5 6 8 9 10 11 14 17 18 19 20 21 | 21.8
Armour         | 2 6 |  6.1
Stealth        | |  1.5

Action                     |  1- 3 |  4- 6 |  7- 9 | 10-12 | 13-15 | 16-18 | 19-21 | 22-24 | 25-27 || total
---------------------------+-------+-------+-------+-------+-------+-------+-------+-------+-------++-------
  Melee: Staff             |       |       |       |       |     1 |     2 |       |     3 |     2 ||     8
         Rapier            |       |       |       |       |       |       |       |       |     1 ||     1
   Cast: Shock             |    74 |   107 |    29 |     6 |    12 |     4 |       |       |       ||   232
         Airstrike         |       |     4 |   115 |   285 |   608 |   574 |   640 |   871 |   590 ||  3687
         Arcjolt           |       |       |       |    28 |    65 |   212 |   219 |   258 |   185 ||   967
         Summon Forest     |       |       |       |       |    25 |    21 |    20 |    31 |    20 ||   117
         Swiftness         |       |       |       |       |     1 |       |     1 |       |       ||     2
         Summon Ice Beast  |       |       |       |       |     2 |     2 |       |     2 |     6 ||    12
         Mephitic Cloud    |       |       |       |       |     3 |     1 |     3 |       |       ||     7
         Enfeeble          |       |       |       |       |       |     7 |     4 |     4 |    15 ||    30
         Dispersal         |       |       |       |       |       |     1 |     3 |     2 |     3 ||     9
         Monstrous Menager |       |       |       |       |       |       |    29 |    57 |    64 ||   150
         Blink             |       |       |       |       |       |       |     1 |       |       ||     1
 Invoke: Recite            |       |       |     4 |     6 |    17 |    39 |    35 |    33 |    20 ||   154
         Vitalisation      |       |       |       |     1 |       |       |     1 |       |       ||     2
         Imprison          |       |       |       |       |       |       |     1 |       |     1 ||     2
  Evoke: Wand              |       |       |       |       |       |       |       |     1 |       ||     1
    Use: Scroll            |       |       |     4 |     8 |    12 |     5 |     2 |     2 |       ||    33
         Potion            |       |       |     1 |       |       |     2 |       |     1 |       ||     4
 Armour: Robe              |     7 |     8 |    14 |    31 |    23 |       |       |       |       ||    83
         Troll leather arm |       |       |       |       |    27 |   199 |    43 |       |       ||   269
         Animal skin       |       |       |       |       |       |       |    60 |   120 |    64 ||   244
  Dodge: Dodged            |     6 |     7 |    14 |    39 |    62 |   119 |    72 |   103 |    52 ||   474
         Repelled          |       |       |       |     1 |     4 |    17 |    27 |    38 |    20 ||   107
  Block: Buckler           |       |       |       |    12 |    57 |    94 |    47 |       |       ||   210
         Tower shield      |       |       |       |       |       |    41 |    64 |   289 |   228 ||   622
         Kite shield       |       |       |       |       |       |       |       |       |     2 ||     2
         Reflection        |       |       |       |       |       |       |       |       |     2 ||     2

Table legend: (Time is in decaauts)
 A = Elapsed time spent in this place.
 B = Non-inter-level travel time spent in this place.
 C = Inter-level travel time spent in this place.
 D = Time resting spent in this place.
 E = Time spent auto-exploring this place.
 F = Levels seen in this place.
 G = Mean time per level.
                   A        B        C        D        E       F      G
               +--------+--------+--------+--------+--------+-----+--------+
         Total |  77184 |  67431 |   9753 |  17418 |  30337 |  47 | 1642.2 |
       Dungeon |  24448 |  19997 |   4451 |   4113 |  12218 |  15 | 1629.9 |
        Temple |      1 |      1 |      0 |      0 |      0 |   1 |    1.0 |
          Lair |  12491 |  11319 |   1172 |   4871 |   4512 |   5 | 2498.2 |
         Swamp |   4746 |   4439 |    307 |   1382 |   1998 |   4 | 1186.5 |
     Snake Pit |   4699 |   3911 |    788 |    733 |   1913 |   4 | 1174.8 |
  Orcish Mines |   3044 |   2687 |    357 |    507 |   1389 |   2 | 1522.0 |
   Elven Halls |   6409 |   5877 |    532 |   1492 |   1931 |   3 | 2136.3 |
        Vaults |   6576 |   5581 |    995 |    933 |   1631 |   4 | 1644.0 |
         Crypt |   4769 |   4425 |    344 |    776 |   2059 |   3 | 1589.7 |
        Depths |   8353 |   7550 |    803 |   1934 |   2686 |   4 | 2088.2 |
        Bazaar |     25 |     25 |      0 |      0 |      0 |   1 |   25.0 |
      Ice Cave |   1617 |   1617 |      0 |    677 |      0 |   1 | 1617.0 |
               +--------+--------+--------+--------+--------+-----+--------+

Top non-repeatable levels by time:
   Elf:3: 3265 daAuts
     D:8: 3263 daAuts
    D:10: 2949 daAuts
  Lair:5: 2873 daAuts
  Lair:2: 2826 daAuts
Depths:4: 2699 daAuts
   Orc:2: 2450 daAuts
  Lair:4: 2396 daAuts
  Lair:3: 2383 daAuts
Depths:1: 2128 daAuts
     D:9: 2097 daAuts
Vaults:2: 2085 daAuts
Depths:2: 2058 daAuts
  Lair:1: 2011 daAuts
 Crypt:3: 1944 daAuts
